 Dungeon Crawl Stone Soup version 0.30.0-30-g96aa6591b8 (webtiles) character file.

Game seed: 2967716235634872748

423 Pepete the Conjurer (level 6, -6/48 HPs)
             Began as a Deep Elf Conjurer on June 29, 2023.
             Mangled by a gnoll
             ... wielding a +0 spear
             ... led by a gnoll sergeant
              (8 damage)
             ... on level 4 of the Dungeon.
             The game lasted 00:10:54 (5625 turns).

Pepete the Conjurer (Deep Elf Conjurer)             Turns: 5625, Time: 00:10:54

Health: -6/48      AC:  4    Str:  4    XL:     6   Next: 63%
Magic:  4/15       EV: 12    Int: 28    God:
Gold:   105        SH:  0    Dex: 13    Spells: 9/14 levels left

rFire   + . .        h - +6 whip "Suaq Paillul" {freeze, *Slow rF+ rN+ Int+3}
rCold   . . .        (no shield)
rNeg    + . .        g - +1 robe
rPois   +            (helmet restricted)
rElec   .            (no cloak)
rCorr   .            l - +0 pair of gloves
SInv    .            (no boots)
Will    .....        (no amulet) Stlth
                     (no ring)
HPRegen 0.28/turn    (no ring)
MPRegen 0.14/turn

%: slow self (1%)
@: berserking (expiring), very quick
A: hooves 1, horns 1, camouflage 1, poison resistance
a: no special abilities


You were on level 4 of the Dungeon.
You visited 1 branch of the dungeon, and saw 4 of its levels.

You collected 105 gold pieces.

Inventory:

Hand Weapons
 h - the +6 whip "Suaq Paillul" (weapon) {freeze, *Slow rF+ rN+ Int+3}
   (You found it on level 2 of the Dungeon)

   Int:       It affects your intelligence (+3).
   rF:        It protects you from fire.
   rN:        It protects you from negative energy.
   *Slow:     It may slow you when you take damage.
Armour
 a - a +0 robe
 g - a +1 robe (worn)
 i - a +0 plate armour
 l - a +0 pair of gloves (worn)
Wands
 q - a wand of polymorph (14)
Scrolls
 c - a scroll of enchant armour
 f - a scroll of fear {unknown}
 j - 2 scrolls of fog {unknown}
 o - 2 scrolls of identify {unknown}
 p - a scroll of teleportation {unknown}
 r - 2 scrolls of summoning {unknown}
Potions
 b - 2 potions of magic
 d - a potion of mutation
 k - a potion of attraction {unknown}
 m - a potion of might {unknown}
 n - a potion of heal wounds {unknown}


   Skills:
 + Level 1.6 Maces & Flails
 * Level 3.1 Armour
 - Level 2.4 Dodging
 - Level 2.4 Stealth
 - Level 4.7 Spellcasting
 * Level 6.2 Conjurations


You had 9 spell levels left.
You knew the following spells:

 Your Spells              Type           Power      Damage    Failure   Level
a - Magic Dart            Conj           100%       1d8       1%          1
b - Fulminant Prism       Conj/Hex       12%        3d8       19%         4

Your spell library contained the following spells:

 Spells                   Type           Power      Damage    Failure   Level
 Searing Ray              Conj           82%        2d7       1%          2
 Dazzling Flash           Conj/Hex       48%        N/A       6%          3
 Iskenderun's Mystic Bla  Conj/Tloc      24%        2d7       19%         4


Dungeon Overview and Level Annotations

Branches:
Dungeon (4/15)
 Temple: D:4-7

Altars:
Nemelex Xobeh

Annotations:
D:2 Sigmund


Innate Abilities, Weirdness & Mutations

You have large cloven feet.
You have a pair of small horns on your head.
Your skin changes colour to match your surroundings (Stealth+).
Your system is resistant to poisons. (rPois)


Message History

Your fulminant prism explodes!
The blast of energy engulfs the gnoll!
The gnoll is severely wounded.
Casting: Magic Dart (safe; 1% risk of failure)
Confirm with . or Enter, or press ? or * to list all spells.
You don't know that spell.
Unknown command.
It was a potion of berserk rage.
A red film seems to cover your vision as you go berserk!
You feel yourself moving faster!
You feel mighty!
The gnoll sergeant hits you from afar with a +0 trident.
* * * LOW HITPOINT WARNING * * *
You are too berserk!
You feel a strong urge to attack something.
You whack the gnoll sergeant! You freeze the gnoll sergeant.
You kick the gnoll sergeant.
Your headbutt misses the gnoll sergeant.
The gnoll sergeant is almost dead.
The gnoll sergeant barely misses you.
You whack the gnoll sergeant! You freeze the gnoll sergeant.
You kill the gnoll sergeant!
Your Armour skill increases to level 3!
You whack the gnoll! You freeze the gnoll.
You kill the gnoll!
The gnoll closely misses you.
The gnoll hits you from afar with a +0 spear.
* * * LOW HITPOINT WARNING * * *
Items here: )) [ †.
You whack the gnoll! You freeze the gnoll.
You kill the gnoll!
The gnoll hits you from afar with a +0 spear.
* * * LOW HITPOINT WARNING * * *
Things that are here:
a +0 halberd; a gnoll corpse You barely miss the gnoll.
Your kick misses the gnoll. Your headbutt misses the gnoll.
The gnoll barely misses you.
You whack the gnoll! You freeze the gnoll.
The gnoll is almost dead.
The gnoll hits you but does no damage. The gnoll hits you with a +0 spear!
You die...

#..#.##.##...# #.#
#..#.........# #.#
...####.###..####.#
#### #...........#
# #####...##### #
#.#.# # #.#.# #
#.#.######## #
#....)@g...# #
###.###g...... #
#.# .##$##. #
####### #.# .# #
#.....# #.# .#
###.....# #.# .#
........# #.# .#
###.....# #.# ..
#.....#


You could see 2 gnolls.

Vanquished Creatures
  A gnoll sergeant (D:4)
  2 scorpions (D:4)
  A jelly (D:4)
  2 orc priests (D:3)
  An orc wizard (D:3)
  3 adders
  3 gnolls (D:4)
  A worm (D:3)
  4 dart slugs
  4 orcs (D:3)
  7 ball pythons
  4 endoplasms
  A giant cockroach (D:1)
  5 goblins
  2 hobgoblins
  5 quokkas
  5 bats
  A frilled lizard (D:3)
  10 kobolds
  4 rats
66 creatures vanquished.

Vanquished Creatures (others)
  2 fulminant prisms (D:4)
2 creatures vanquished.

Grand Total: 68 creatures vanquished

Notes
Turn   | Place    | Note
-------+----------+-------------------------------------------
     0 | D:1      | Pepete the Deep Elf Conjurer began the quest for the Orb.
     0 | D:1      | Reached XP level 1. HP: 10/10 MP: 6/6
   556 | D:1      | Reached XP level 2. HP: 15/15 MP: 6/8
  1765 | D:2      | Gained mutation: You have large cloven feet. [potion of
                  | mutation]
  1765 | D:2      | Gained mutation: Your system is resistant to poisons.
                  | (rPois) [potion of mutation]
  1765 | D:2      | Gained mutation: You have a pair of small horns on your
                  | head. [potion of mutation]
  1765 | D:2      | Gained mutation: Your skin changes colour to match your
                  | surroundings (Stealth+). [potion of mutation]
  1918 | D:2      | Identified the +6 whip "Suaq Paillul" {freeze, *Slow rF+
                  | rN+ Int+3}
  2036 | D:2      | Reached skill level 1 in Armour
  2100 | D:2      | Noticed Sigmund
  2588 | D:3      | Reached XP level 3. HP: 19/19 MP: 7/10
  2909 | D:3      | Reached skill level 5 in Conjurations
  2909 | D:3      | Reached XP level 4. HP: 8/24 MP: 4/12
  3107 | D:3      | Learned a level 4 spell: Fulminant Prism
  3547 | D:3      | Reached XP level 5. HP: 28/28 MP: 11/13
  3928 | D:3      | Found a sparkling altar of Nemelex Xobeh.
  4405 | D:4      | Reached skill level 1 in Maces & Flails
  5157 | D:4      | Reached XP level 6. HP: 32/32 MP: 10/15
  5275 | D:4      | Reached skill level 6 in Conjurations
  5622 | D:4      | HP: 1/48 [gnoll/+0 spear[a gnoll sergeant] (6)]
  5625 | D:4      | Mangled by a gnoll

Illustrated notes

Levels and vault maps discovered:
D:1:      dpeg_arrival_rooms_with_view, layout_loops_ring,
          serial_co_window_serial, co_window_of_opportunity_a,
          co_window_paths_b, co_window_paths_a, co_window_paths_a,
          co_window_paths_a, co_window_corner_b, co_window_paths_c,
          co_window_unsneaky_path_e, co_window_of_opportunity_c,
          co_window_corner_b, co_window_4corner_b, minmay_split_cup_small
D:2:      layout_loops_ring, uniq_sigmund
D:3:      layout_basic, nemelex_altar_shiori
D:4:      layout_loops_ring, lemuel_tele_altar, uniq_blork_the_orc

Skill      XL: |  1  2  3  4  5  6 |
---------------+-------------------+-----
Armour         | 1 2 3 |  3.1
Spellcasting   | 4 |  4.7
Conjurations   | 5 6 |  6.2
Maces & Flails | 1 |  1.6
Dodging        | |  2.4
Stealth        | |  2.4

Action                     |  1- 3 |  4- 6 || total
---------------------------+-------+-------++-------
  Melee: Whip              |     4 |     9 ||    13
         Kick              |       |     1 ||     1
   Cast: Magic Dart        |    46 |    85 ||   131
         Fulminant Prism   |       |     2 ||     2
    Use: Scroll            |     3 |       ||     3
         Potion            |     1 |     1 ||     2
   Stab: Sleeping          |     2 |       ||     2
 Armour: Robe              |       |     2 ||     2
  Dodge: Dodged            |       |     8 ||     8
